 Dungeon Crawl Stone Soup version 0.19-a0-1908-g43c011f (webtiles) character file.

52 mistymad the Sneak (level 3, -3/16 HPs)
             Began as a Spriggan Enchanter on Oct 22, 2016.
             Slain by a hobgoblin (7 damage)
             ... led by Robin
             ... on level 1 of the Dungeon.
             The game lasted 00:06:32 (1813 turns).

mistymad the Sneak (Spriggan Enchanter)             Turns: 1813, Time: 00:06:33

Health: -3/16      AC:  3    Str:  4    XL:     3   Next: 60%
Magic:  8/8        EV: 18    Int: 16    God:
Gold:   94         SH:  0    Dex: 17    Spells: 3 memorised, 2 levels left

rFire  . . .     SeeInvis +     a - +1 dagger
rCold  . . .     Gourm    .     b - +1 robe
rNeg   . . .     Faith    .     (shield restricted)
rPois  .         Spirit   .     (helmet restricted)
rElec  .         Reflect  .     (no cloak)
rCorr  .         Harm     .     (gloves unavailable)
MR     +....                    (boots unavailable)
Stlth  +++.......               (no amulet)
                                (no ring)
                                f - ring of protection from magic

@: very quick
A: unfitting armour, see invisible, herbivore 3, speed 3, slow metabolism 2
a: no special abilities


You were on level 1 of the Dungeon.
You were not hungry.

You visited 1 branch of the dungeon, and saw 2 of its levels.

You collected 94 gold pieces.

Inventory:

Hand Weapons
 a - a +1 dagger (weapon)
Missiles
 g - 43 sling bullets
Armour
 b - a +1 robe (worn)
Jewellery
 f - a ring of protection from magic (left hand)
Scrolls
 e - a scroll of fog {unknown}
 h - a scroll of fear {unknown}
 j - a scroll of identify {unknown}
 k - a scroll of remove curse {unknown}
Potions
 i - a potion of flight {unknown}
 l - a potion of heal wounds {unknown}
 m - a potion of agility {unknown}
Books
 c - a book of Maledictions

   Spells                             Type                      Level
   a - Corona                         Hexes                        1
   b - Ensorcelled Hibernation        Hexes/Ice                    2
   c - Confuse                        Hexes                        3
   d - Tukima's Dance                 Hexes                        3
   e - Dazzling Spray                 Conjuration/Hexes            3
Comestibles
 d - 2 bread rations


   Skills:
 + Level 2.4 Short Blades
 - Level 3.0 Dodging
 + Level 5.6 Stealth
 - Level 3.3 Spellcasting
 - Level 3.6 Hexes


You had 2 spell levels left.
You knew the following spells:

 Your Spells              Type           Power        Failure   Level  Hunger
a - Corona                Hex            ##.....      6%          1    None
b - Ensorcelled Hibernat  Hex/Ice        #.....       14%         2    ##.....
c - Confuse               Hex            ##......     14%         3    ###....


Dungeon Overview and Level Annotations

Branches:
Dungeon (2/15)

Altars:
Xom

Annotations:
D:2 Robin


Innate Abilities, Weirdness & Mutations

You are very small and have problems with some larger weapons.
You are too small for most types of armour.
You have supernaturally acute eyesight. (SInv)
You are a herbivore.
You cover ground extremely quickly.
You need consume almost no food.


Message History

The goblin misses you. The goblin hits you with a dagger.
The goblin closely misses you. The hobgoblin closely misses you. x2
You climb upwards.
There is a stone staircase leading down here.
You take 6 damage, and have 6/16 hp.
MASSIVE DAMAGE!!
You hit the hobgoblin.
The hobgoblin is lightly wounded.
The goblin misses you. The goblin closely misses you.
You hit the hobgoblin but do no damage.
The hobgoblin is lightly wounded.
The hobgoblin barely misses you.
The hobgoblin hits you but does no damage.
The goblin barely misses you. The goblin hits you with a club.
* * * LOW HITPOINT WARNING * * *
You take 2 damage, and have 4/16 hp.
You hit the hobgoblin but do no damage.
The hobgoblin is lightly wounded.
The hobgoblin hits you!
You die...

#..#.###.# #.# #.# #..#.# #.# #.#
#.# #..#.# #.# ###.# #.#
####..#.###.###...######.########
................#.#......†.......
####.##.............####.###.####
####.######.####.#### #.# #.....
.....# #....ggg.#####.# ######
.....# ######@g.......# ######
###.#####.# #.......# #########


You could see 2 hobgoblins and 2 goblins.

Vanquished Creatures
  An adder (D:1)
  2 leopard geckos (D:1)
  3 giant cockroaches
  3 hobgoblins
  4 jackals (D:1)
  3 kobolds (D:1)
  A quokka (D:2)
  6 bats
  3 frilled lizards
  7 goblins
  6 rats (D:1)
39 creatures vanquished.

Notes
Turn   | Place    | Note
-------+----------+-------------------------------------------
     0 | D:1      | mistymad the Spriggan Enchanter began the quest for the Orb.
     0 | D:1      | Reached XP level 1. HP: 9/9 MP: 5/5
   358 | D:1      | Reached XP level 2. HP: 3/13 MP: 7/7
   779 | D:1      | Reached skill level 5 in Stealth
  1071 | D:1      | Reached XP level 3. HP: 3/16 MP: 8/8
  1596 | D:2      | Noticed Robin
  1621 | D:1      | Learned a level 2 spell: Ensorcelled Hibernation
  1625 | D:1      | Learned a level 3 spell: Confuse
  1671 | D:2      | Found a shimmering altar of Xom.
  1813 | D:1      | Slain by a hobgoblin

Vault maps used:
D:1:      tarquinn_simple_flora_water_f
D:2:      minmay_misc_feat_x, xom_teletrap_fun, uniq_robin

Skill      XL: |  1  2 |
---------------+-------+-----
Spellcasting   | 3 |  3.3
Stealth        | 5 |  5.6
Short Blades   | 2 |  2.4
Dodging        | |  3.0
Hexes          | |  3.6

Action                   || total
-------------------------++-------
Melee: Dagger            ||   174
  Use: Potion            ||     1
 Stab: Sleeping          ||    10
       Distracted        ||     1
Armor: Robe              ||    26
Dodge: Dodged            ||   167
